[ AOE2 MATCH · #505759358 ]
UnrankedArmenians vs Mongols
Player's team · WIN
Rival team · LOSS
[ REPLAY ANALYSIS · EXTRACTED FROM THE RECORDED GAME ]
Feudal
9:24
Castle
24:19
Imperial
—
| APM avg | 54.2 |
| APM peak | 106 |
| eAPM avg | 25.9 |
| Villagers / military | 55 / 41 |
Focus
⚔️ 19.6% · 🌾 80.4%
Composite Bowman ×21 · Militia ×14 · Spearman ×3 · Battering Ram ×2 · Mangonel ×1
Feudal
8:35
Castle
23:12
Imperial
—
| APM avg | 42.2 |
| APM peak | 79 |
| eAPM avg | 15.6 |
| Villagers / military | 69 / 25 |
Focus
⚔️ 25.9% · 🌾 74.1%
Skirmisher ×8 · Scout Cavalry ×7 · Cavalry Archer ×7 · Archer ×2 · Mangonel ×1
Match map
Initial resources + every placement click. Lines = walls · curves = elevation contours. ◆ gold · ⬟ stone · ● berries · ✦ relic · ◌ wall gap
Your base· ✓ Closed at 24:19 · 34t walls · no gate
logan's base· Open — opponent sealed themselves in
Smoothed initial terrain · ◌ = detected wall gap · hover for details
Inputs per minute
— DeliManyak - - logan
Build order — DeliManyak
First 150 of 168 actions detected
| 0:00 | Queue | Villager (Male) |
| 0:00 | Queue | Villager (Male) |
| 0:01 | Queue | Villager (Male) |
| 0:01 | Queue | Villager (Male) |
| 0:01 | Queue | Villager (Male) |
| 0:02 | Build | House |
| 0:04 | Build | House |
| 1:09 | Research | Loom |
| 1:37 | Queue | Villager (Male) |
| 1:37 | Queue | Villager (Male) |
| 2:02 | Queue | Villager (Male) |
| 2:15 | Queue | Villager (Male) |
| 3:14 | Queue | Villager (Male) |
| 3:16 | Queue | Villager (Male) |
| 3:25 | Build | House |
| 3:26 | Build | Palisade Wall |
| 3:30 | Build | Mule Cart |
| 3:31 | Queue | Villager (Male) |
| 3:31 | Queue | Villager (Male) |
| 4:07 | Queue | Villager (Male) |
| 4:07 | Queue | Villager (Male) |
| 4:07 | Queue | Villager (Male) |
| 4:26 | Queue | Villager (Male) |
| 4:26 | Queue | Villager (Male) |
| 4:35 | Queue | Villager (Male) |
| 5:11 | Queue | Villager (Male) |
| 5:11 | Queue | Villager (Male) |
| 5:45 | Build | Mill |
| 6:40 | Queue | Villager (Male) |
| 7:14 | Research | Feudal Age |
| 7:45 | Build | Barracks |
| 7:54 | Build | Palisade Wall |
| 8:01 | Build | House |
| 8:03 | Build | Palisade Wall |
| 8:29 | Queue | Militia |
| 8:29 | Queue | Militia |
| 8:29 | Queue | Militia |
| 9:05 | Build | House |
| 9:24 | Age | Feudal Age |
| 9:31 | Queue | Spearman |
| 9:49 | Queue | Villager (Male) |
| 9:52 | Build | Mill |
| 9:59 | Build | Mule Cart |
| 10:06 | Queue | Militia |
| 10:08 | Research | Man-at-Arms (upgrade) |
| 10:12 | Research | Double-Bit Axe |
| 10:18 | Queue | Villager (Male) |
| 10:18 | Queue | Villager (Male) |
| 11:05 | Build | Farm |
| 11:06 | Build | Farm |
| 11:06 | Build | Farm |
| 11:29 | Queue | Militia |
| 11:30 | Queue | Militia |
| 11:36 | Queue | Spearman |
| 11:40 | Queue | Villager (Male) |
| 11:41 | Queue | Villager (Male) |
| 11:44 | Build | Farm |
| 11:45 | Build | Farm |
| 11:45 | Build | Farm |
| 11:46 | Build | Farm |
| 11:46 | Build | Farm |
| 11:46 | Build | Farm |
| 12:04 | Queue | Villager (Male) |
| 12:10 | Queue | Militia |
| 12:12 | Build | Farm |
| 12:38 | Queue | Villager (Male) |
| 12:39 | Build | Farm |
| 12:41 | Queue | Militia |
| 12:42 | Queue | Militia |
| 12:53 | Queue | Villager (Male) |
| 13:24 | Queue | Villager (Male) |
| 13:30 | Queue | Villager (Male) |
| 13:41 | Queue | Spearman |
| 14:03 | Build | House |
| 14:22 | Queue | Villager (Male) |
| 14:29 | Queue | Villager (Male) |
| 14:52 | Queue | Villager (Male) |
| 14:54 | Build | Farm |
| 15:20 | Queue | Villager (Male) |
| 15:22 | Build | Farm |
| 15:30 | Queue | Militia |
| 15:30 | Queue | Militia |
| 15:38 | Build | House |
| 16:06 | Queue | Villager (Male) |
| 16:10 | Build | House |
| 17:08 | Queue | Villager (Male) |
| 17:15 | Build | Farm |
| 17:15 | Build | Farm |
| 17:16 | Build | Farm |
| 17:16 | Build | Farm |
| 17:18 | Queue | Militia |
| 17:18 | Queue | Militia |
| 17:42 | Queue | Villager (Male) |
| 17:53 | Queue | Villager (Male) |
| 18:35 | Queue | Villager (Male) |
| 19:12 | Build | Mule Cart |
| 19:26 | Build | House |
| 19:50 | Build | Palisade Wall |
| 19:55 | Build | Blacksmith |
| 20:17 | Queue | Villager (Male) |
| 20:19 | Build | Market |
| 20:43 | Queue | Villager (Male) |
| 20:55 | Build | House |
| 20:56 | Build | Palisade Wall |
| 21:01 | Build | House |
| 21:10 | Build | Farm |
| 21:19 | Queue | Militia |
| 21:39 | Research | Castle Age |
| 21:39 | Research | Castle Age |
| 21:45 | Research | Fletching |
| 21:45 | Research | Padded Archer Armor |
| 22:20 | Build | House |
| 22:22 | Build | Palisade Wall |
| 22:28 | Build | Palisade Wall |
| 22:31 | Build | Palisade Wall |
| 22:34 | Queue | Villager (Male) |
| 22:53 | Research | Padded Archer Armor |
| 22:54 | Research | Padded Archer Armor |
| 22:54 | Research | Padded Archer Armor |
| 23:56 | Build | Farm |
| 24:19 | Age | Castle Age |
| 24:21 | Build | Castle |
| 24:30 | Build | Castle |
| 25:01 | Queue | Villager (Male) |
| 25:01 | Queue | Villager (Male) |
| 25:05 | Queue | Villager (Male) |
| 25:12 | Research | Bodkin Arrow |
| 25:13 | Research | Leather Archer Armor |
| 25:22 | Build | Siege Workshop |
| 25:31 | Build | Monastery |
| 25:43 | Queue | Composite Bowman |
| 25:43 | Queue | Composite Bowman |
| 25:44 | Queue | Composite Bowman |
| 25:44 | Queue | Composite Bowman |
| 25:44 | Queue | Composite Bowman |
| 26:18 | Queue | Battering Ram |
| 26:22 | Queue | Composite Bowman |
| 26:22 | Queue | Composite Bowman |
| 26:31 | Queue | Villager (Male) |
| 26:39 | Queue | Composite Bowman |
| 26:39 | Queue | Composite Bowman |
| 26:40 | Queue | Villager (Male) |
| 27:31 | Queue | Villager (Male) |
| 27:32 | Queue | Composite Bowman |
| 27:32 | Queue | Composite Bowman |
| 27:42 | Queue | Mangonel |
| 28:33 | Queue | Villager (Male) |
| 28:52 | Queue | Villager (Male) |
| 28:52 | Queue | Villager (Male) |
| 29:26 | Build | University |
Build order — logan
First 150 of 167 actions detected
| 0:01 | Queue | Villager (Male) |
| 0:01 | Queue | Villager (Male) |
| 0:02 | Build | House |
| 0:03 | Build | House |
| 0:24 | Research | Loom |
| 0:33 | Queue | Villager (Male) |
| 0:33 | Queue | Villager (Male) |
| 0:33 | Queue | Villager (Male) |
| 1:53 | Queue | Villager (Male) |
| 2:16 | Queue | Villager (Male) |
| 2:22 | Build | Lumber Camp |
| 2:26 | Queue | Villager (Male) |
| 2:56 | Queue | Villager (Male) |
| 3:33 | Build | House |
| 3:36 | Queue | Villager (Male) |
| 3:56 | Queue | Villager (Male) |
| 4:19 | Queue | Villager (Male) |
| 5:06 | Queue | Villager (Male) |
| 5:07 | Queue | Villager (Male) |
| 5:10 | Build | Mill |
| 6:00 | Queue | Villager (Male) |
| 6:16 | Research | Feudal Age |
| 7:30 | Build | Barracks |
| 8:27 | Build | House |
| 8:33 | Queue | Villager (Male) |
| 8:35 | Age | Feudal Age |
| 8:37 | Build | Stable |
| 8:51 | Queue | Villager (Male) |
| 9:02 | Build | House |
| 9:07 | Build | Mill |
| 9:12 | Queue | Scout Cavalry |
| 9:12 | Queue | Scout Cavalry |
| 9:19 | Queue | Villager (Male) |
| 9:41 | Queue | Villager (Male) |
| 9:56 | Queue | Villager (Male) |
| 9:57 | Queue | Scout Cavalry |
| 10:08 | Build | Farm |
| 10:08 | Build | Farm |
| 10:08 | Build | Farm |
| 10:14 | Build | House |
| 10:41 | Queue | Villager (Male) |
| 10:56 | Queue | Villager (Male) |
| 10:58 | Build | Farm |
| 11:01 | Build | Farm |
| 11:29 | Queue | Scout Cavalry |
| 11:32 | Queue | Villager (Male) |
| 11:37 | Build | Farm |
| 11:39 | Build | Farm |
| 11:40 | Queue | Villager (Male) |
| 11:42 | Build | House |
| 12:03 | Queue | Villager (Male) |
| 12:28 | Queue | Villager (Male) |
| 12:31 | Queue | Scout Cavalry |
| 12:53 | Queue | Villager (Male) |
| 12:56 | Queue | Scout Cavalry |
| 13:05 | Build | Mining Camp |
| 13:19 | Research | Wheelbarrow |
| 13:28 | Build | Farm |
| 13:33 | Build | Farm |
| 13:33 | Build | Farm |
| 13:51 | Queue | Villager (Male) |
| 14:29 | Build | Farm |
| 14:44 | Build | Watch Tower |
| 14:57 | Queue | Scout Cavalry |
| 15:22 | Queue | Villager (Male) |
| 15:42 | Queue | Villager (Male) |
| 15:49 | Build | House |
| 16:00 | Build | House |
| 16:02 | Build | Palisade Wall |
| 16:03 | Build | Palisade Wall |
| 16:07 | Build | Palisade Wall |
| 16:10 | Queue | Villager (Male) |
| 16:24 | Build | Farm |
| 16:26 | Queue | Villager (Male) |
| 16:49 | Build | Lumber Camp |
| 17:08 | Build | Watch Tower |
| 17:18 | Queue | Villager (Male) |
| 17:18 | Queue | Villager (Male) |
| 18:50 | Queue | Villager (Male) |
| 18:50 | Queue | Villager (Male) |
| 19:37 | Build | Market |
| 19:42 | Queue | Villager (Male) |
| 20:02 | Queue | Villager (Male) |
| 20:24 | Research | Castle Age |
| 20:34 | Build | Mining Camp |
| 21:13 | Build | Watch Tower |
| 21:23 | Build | Archery Range |
| 21:31 | Research | Double-Bit Axe |
| 21:47 | Queue | Archer |
| 22:23 | Build | Blacksmith |
| 22:33 | Build | Watch Tower |
| 22:37 | Queue | Villager (Male) |
| 22:55 | Research | Fletching |
| 22:58 | Queue | Villager (Male) |
| 23:12 | Age | Castle Age |
| 23:14 | Build | University |
| 23:35 | Build | Watch Tower |
| 23:47 | Research | Bodkin Arrow |
| 24:02 | Build | Mining Camp |
| 24:05 | Queue | Villager (Male) |
| 24:22 | Queue | Villager (Male) |
| 24:34 | Queue | Villager (Male) |
| 24:59 | Research | Guard Tower (upgrade) |
| 25:12 | Build | Watch Tower |
| 25:22 | Queue | Villager (Male) |
| 25:23 | Queue | Archer |
| 25:32 | Build | House |
| 25:35 | Build | Archery Range |
| 25:38 | Queue | Villager (Male) |
| 25:56 | Build | Watch Tower |
| 25:59 | Queue | Villager (Male) |
| 26:02 | Build | Farm |
| 26:07 | Queue | Cavalry Archer |
| 26:14 | Queue | Villager (Male) |
| 26:17 | Build | House |
| 26:36 | Queue | Cavalry Archer |
| 26:37 | Queue | Cavalry Archer |
| 26:40 | Build | Farm |
| 26:41 | Queue | Villager (Male) |
| 27:08 | Build | Siege Workshop |
| 27:11 | Queue | Villager (Male) |
| 27:22 | Queue | Cavalry Archer |
| 27:22 | Queue | Cavalry Archer |
| 27:50 | Queue | Villager (Male) |
| 27:50 | Queue | Villager (Male) |
| 27:58 | Queue | Cavalry Archer |
| 27:58 | Queue | Cavalry Archer |
| 27:59 | Queue | Villager (Male) |
| 28:00 | Build | Farm |
| 28:10 | Build | Watch Tower |
| 29:01 | Queue | Villager (Male) |
| 29:01 | Queue | Villager (Male) |
| 29:14 | Queue | Skirmisher |
| 29:14 | Queue | Skirmisher |
| 29:27 | Build | Town Center |
| 29:33 | Queue | Mangonel |
| 29:36 | Build | House |
| 29:47 | Queue | Skirmisher |
| 29:48 | Queue | Skirmisher |
| 29:56 | Queue | Villager (Male) |
| 29:59 | Build | House |
| 30:42 | Queue | Villager (Male) |
| 30:42 | Queue | Villager (Male) |
| 30:49 | Research | Elite Skirmisher (upgrade) |
| 30:54 | Queue | Villager (Male) |
| 30:54 | Queue | Villager (Male) |
| 30:56 | Build | Farm |
| 30:56 | Build | Farm |
| 31:01 | Queue | Villager (Male) |
| 31:01 | Queue | Villager (Male) |
Match timeline
| 3:26 | DeliManyak · wall_segment Palisade Wall x2 |
| 7:30 | logan · first_building Barracks |
| 7:45 | DeliManyak · first_building Barracks |
| 7:54 | DeliManyak · wall_segment Palisade Wall x2 |
| 8:03 | DeliManyak · wall_segment Palisade Wall x3 |
| 8:35 | logan · age_up feudal |
| 8:37 | logan · first_building Stable |
| 9:24 | DeliManyak · age_up feudal |
| 16:02 | logan · wall_segment Palisade Wall x1 |
| 16:03 | logan · wall_segment Palisade Wall x1 |
| 16:07 | logan · wall_segment Palisade Wall x1 |
| 19:50 | DeliManyak · wall_segment Palisade Wall x2 |
| 20:23 | logan · first_market_sell 100 food |
| 20:50 | logan · first_market_buy 100 stone |
| 20:56 | DeliManyak · wall_segment Palisade Wall x3 |
| 21:23 | logan · first_building Archery Range |
| 22:22 | DeliManyak · wall_segment Palisade Wall x1 |
| 22:28 | DeliManyak · wall_segment Palisade Wall x12 |
| 22:31 | DeliManyak · wall_segment Palisade Wall x9 |
| 23:12 | logan · age_up castle |
| 24:19 | DeliManyak · age_up castle |
| 24:21 | DeliManyak · first_building Castle |
| 25:11 | DeliManyak · first_market_buy 100 food |
| 25:22 | DeliManyak · first_building Siege Workshop |
| 25:31 | DeliManyak · first_building Monastery |
| 26:07 | DeliManyak · first_market_sell 100 food |
| 27:08 | logan · first_building Siege Workshop |
| 34:31 | logan · resign |
[ AI ANALYSIS · 1 CREDIT ]
What really happened in this match?
Wolo.gg analyzes every decision: build order, eco, micro, common mistakes by bracket. Personalized analysis on WhatsApp or Discord in 30 seconds.
Civ guide
Armenians
Perfil
Jugador #346344